AoeStats
← 大王同学

Coastal Forest

503534346Analyzed
4v4 RM · 1mo ago on Sep 1, 2026· 27m 10s· 8 players
Game mode
Random Map
Map size
Large (8 player)
Population
200
Speed
Normal
Resources
Standard
Victory
Conquest
Starting age
Dark Age
Ending age
Imperial Age
RankedLock teamsTeams togetherTeam positionsShared explorationLock speedFull tech treeHidden civsTurbo modeCheats
Victory
Defeat
🇭🇰 Mapuche · Hong Kong SAR China
1284
+13
1234
+15
🇹🇼 Shu · Taiwan
1224
+16
🇨🇳 Vietnamese · China
1199
+17
🇪🇨 Vikings · Ecuador
1299
-19
🇺🇸 Dravidians · United States
1203
-15
🇲🇽 Italians · Mexico
1196
-14
🇨🇱 Mongols · Chile
1164
-13
タンヤ
11:19 Feudal Age
15:19 Castle Age
13:14 Double-Bit Axe
13:10 Horse Collar
13:38 Gold Mining
15:06 Scale Barding Armor
16:41 Bow Saw
21:08 Husbandry
24:14 Chain Barding Armor
26:39 Forging
27:06 Wheelbarrow
江泽民胡锦涛习近平
7:52 Loom
10:39 Feudal Age
15:53 Castle Age
15:11 Double-Bit Axe
16:46 Horse Collar
19:38 Stone Mining
21:47 Wheelbarrow
22:05 Forging
22:25 Heavy Plow
23:31 Bloodlines
24:14 Scale Barding Armor
25:04 Husbandry
25:02 Gold Mining
26:44 Gold Shaft Mining
27:54 Hand Cart
大王同学
7:24 Loom
9:31 Feudal Age
10:00 Champi Runner
11:02 Double-Bit Axe
10:59 Horse Collar
14:24 Arson
16:13 Wheelbarrow
16:08 Forging
16:16 Scale Mail Armor
20:45 Stone Mining
22:58 Castle Age
20:53 Gold Mining
23:11 Champi Warrior
24:10 Bow Saw
24:40 Gold Shaft Mining
25:25 Iron Casting
25:44 Hand Cart
25:14 Town Watch
27:23 Stone Shaft Mining
小离爱吃糖
8:28 Loom
11:37 Feudal Age
12:35 Fishing Lines
18:52 Castle Age
17:31 Stone Mining
19:22 Double-Bit Axe
22:10 Gillnets
23:16 Horse Collar
25:20 Bow Saw
25:19 Gold Mining
26:01 Heavy Plow
28:08 Stone Shaft Mining
Ziton127
10:58 Feudal Age
12:35 Wheelbarrow
13:55 Double-Bit Axe
16:17 Castle Age
17:47 Bow Saw
19:23 Stone Mining
20:41 Loom
22:52 Fishing Lines
28:17 Imperial Age
26:04 Fletching
eterna1
5:53 Loom
11:18 Feudal Age
16:07 Castle Age
15:03 Horse Collar
15:10 Double-Bit Axe
20:06 Scale Barding Armor
21:43 Husbandry
23:47 Wheelbarrow
22:58 Town Watch
23:50 Heavy Plow
24:40 Gold Mining
25:07 Man-at-Arms
Santiawhy
0:39 Loom
10:12 Feudal Age
15:41 Castle Age
15:43 Double-Bit Axe
24:50 Scale Barding Armor
Acrostock
9:08 Loom
12:04 Feudal Age
16:10 Wheelbarrow
Connection lost

Rejoining the realm…

Still unreachable

The connection could not be restored.

Session expired

The server has moved on; the page needs a fresh start.